 Dungeon Crawl Stone Soup version 0.30.1-11-g7821555f0a (webtiles) character file.

Game seed: 10441491025504966400

179 Kranky the Magician (level 5, 0/41 HPs)
             Began as a Gnoll Wanderer on Nov 2, 2023.
             Was a Follower of Okawaru.
             Slain by a lemure (2 damage)
             ... led by Pikel
             ... on level 2 of the Dungeon.
             The game lasted 00:05:18 (3145 turns).

Kranky the Magician (Gnoll Wanderer)                Turns: 3145, Time: 00:05:19

Health: 0/41       AC: 11    Str: 10    XL:     5   Next: 59%
Magic:  12/12      EV:  6    Int: 13    God:    Okawaru [*.....]
Gold:   116        SH:  0    Dex: 13    Spells: 13/14 levels left

rFire   . . .        a - +2 sling
rCold   . . .        (no shield)
rNeg    . . .        f - +0 chain mail
rPois   .            (no helmet)
rElec   .            (no cloak)
rCorr   .            (no gloves)
SInv    .            g - +2 pair of boots
Will    .....        (no amulet) Stlth
                     (no ring)
HPRegen 0.26/turn    (no ring)
MPRegen 0.13/turn

%: no passive effects
@: no status effects
A: fangs 1, strong nose, distributed training
a: Renounce Religion, Heroism


You were on level 2 of the Dungeon.
You worshipped Okawaru.
Okawaru was aware of your devotion.
You visited 1 branch of the dungeon, and saw 4 of its levels.

You collected 116 gold pieces.

Inventory:

Hand Weapons
 a - a +2 sling (weapon)
Missiles
 t - 4 poisoned darts
Armour
 d - a +0 robe
 f - a +0 chain mail (worn)
 g - a +2 pair of boots (worn)
Jewellery
 r - a ring of positive energy
Wands
 b - a wand of polymorph (5)
Scrolls
 e - a scroll of teleportation {unknown}
 h - 2 scrolls of immolation
 k - a scroll of silence {unknown}
 m - a scroll of enchant armour {unknown}
 p - a scroll of identify {unknown}
Potions
 c - a potion of invisibility
 i - a potion of mutation {unknown}
 j - 2 potions of curing {unknown}
 l - a potion of attraction {unknown}
 n - a potion of resistance {unknown}
 o - a potion of cancellation {unknown}
 q - a potion of heal wounds {unknown}
 s - a potion of degeneration {unknown}


   Skills:
 + Level 3.0 Fighting
 + Level 1.6 Short Blades
 + Level 1.6 Long Blades
 + Level 1.6 Axes
 + Level 1.6 Maces & Flails
 + Level 1.6 Polearms
 + Level 1.6 Staves
 + Level 4.8 Ranged Weapons
 + Level 1.6 Throwing
 + Level 1.6 Armour
 + Level 3.0 Dodging
 + Level 2.8 Stealth
 + Level 1.6 Shields
 + Level 1.6 Unarmed Combat
 + Level 5.2 Spellcasting
 + Level 1.3 Conjurations
 + Level 2.4 Hexes
 + Level 1.3 Summonings
 + Level 1.3 Necromancy
 + Level 1.3 Translocations
 + Level 1.3 Transmutations
 + Level 1.3 Fire Magic
 + Level 1.3 Ice Magic
 + Level 1.3 Air Magic
 + Level 1.3 Earth Magic
 + Level 1.3 Poison Magic
 + Level 1.8 Invocations
 + Level 4.8 Evocations


You had 13 spell levels left.
You knew the following spells:

 Your Spells              Type           Power      Damage    Failure   Level
a - Slow                  Hex            36%        N/A       96%         1

Your spell library contained the following spells:

 Spells                   Type           Power      Damage    Failure   Level
 Scorch                   Fire           12%        2d5       100%        2
 Inner Flame              Hex/Fire       8%         N/A       100%        3
 Flame Wave               Conj/Fire      6%         2d5       100%        4
 Summon Cactus Giant      Summ           Unusable   N/A       N/A         6

Dungeon Overview and Level Annotations

Branches:
Dungeon (4/15)
 Temple: D:4-7

Altars:
Okawaru

Annotations:
D:2 1 runed translucent door, Crazy Yiuf
D:4 Pikel


Innate Abilities, Weirdness & Mutations

You have very sharp teeth.
Your uncanny sense of smell can sniff out nearby items.
Your experience applies equally to all skills.


Message History

You shoot a sling bullet.
The sling bullet closely misses the lemure.
The lemure barely misses you.
You shoot a sling bullet. The sling bullet hits the lemure.
The lemure is moderately wounded.
The lemure hits you. The lemure hits you but does no damage.
Fire: a) +2 sling
Press: ? - help, Shift-Dir - straight line, f/p - lemure
Aim: a lemure (moderately wounded, 53% to hit)
You shoot a sling bullet. The sling bullet hits the lemure.
The lemure is moderately wounded.
The lemure hits you! The lemure barely misses you.
Unknown command.
Fire: a) +2 sling
Press: ? - help, Shift-Dir - straight line, f/p - lemure
Aim: a lemure (moderately wounded, 53% to hit)
You shoot a sling bullet. The sling bullet hits the lemure.
The lemure is heavily wounded.
The lemure hits you but does no damage. The lemure hits you.
* * * LOW HITPOINT WARNING * * *
The lemure attacks as you move away! The lemure barely misses you.
The lemure attacks as you move away! The lemure hits you but does no damage.
The lemure attacks as you move away! The lemure hits you.
* * * LOW HITPOINT WARNING * * *
The lemure attacks as you move away! The lemure hits you but does no damage.
The lemure attacks as you move away! The lemure hits you.
* * * LOW HITPOINT WARNING * * *
The lemure attacks as you move away! The lemure hits you.
* * * LOW HITPOINT WARNING * * *
The lemure attacks as you move away! The lemure hits you but does no damage.
The lemure attacks as you move away! The lemure hits you but does no damage.
The lemure attacks as you move away! The lemure barely misses you.
The lemure attacks as you move away! The lemure barely misses you.
The lemure attacks as you move away! The lemure completely misses you.
The lemure attacks as you move away! The lemure hits you.
* * * LOW HITPOINT WARNING * * *
The lemure attacks as you move away! The lemure hits you!
* * * LOW HITPOINT WARNING * * *
The lemure attacks as you move away! The lemure hits you.
You die...

#.#.## #...........#
#.#..# ###.####.##.#
#.##.#####.####[##.#
#.##............##.#
#.##..#.........##.#
###.##.....#####.###.#
..#.##.#...## #.# #.#
..'.##>#.>..# #.# #.#
..####)###..# #@# #.#
..# #.###..# #5# #.#
..# ##.#....# #.# #.#
### #...<.#.# #.# #.#
#.....#.####.###.#
#.....'..........#
#.....#.####.#####
#.....#.# #.#
#.....#.# #.#


You could see a lemure.

Vanquished Creatures
  Jessica (D:2)
  6 adders
  A gnoll (D:1)
  2 worms
  A dart slug (D:2)
  3 orcs (D:3)
  5 ball pythons
  12 endoplasms
  A giant cockroach (D:1)
  9 goblins
  5 hobgoblins
  10 jackals
  A quokka (D:1)
  4 bats
  5 frilled lizards
  4 kobolds
  5 rats
75 creatures vanquished.

Notes
Turn   | Place    | Note
-------+----------+-------------------------------------------
     0 | D:1      | Kranky the Gnoll Wanderer began the quest for the Orb.
     0 | D:1      | Kranky set off with the following items: a +2 sling, a wand
                  | of polymorph (5), a potion of invisibility, a +0 robe; and
                  | the following spell memorised: Slow; and the following
                  | spells available to memorise: Inner Flame.
     0 | D:1      | Reached XP level 1. HP: 17/17 MP: 6/6
   230 | D:1      | Reached XP level 2. HP: 5/23 MP: 7/7
   390 | D:1      | Reached skill level 5 in Spellcasting
   390 | D:1      | Reached XP level 3. HP: 12/28 MP: 7/9
   611 | D:1      | Reached skill level 1 in Invocations
   786 | D:1      | Found a faded altar of an unknown god.
  1194 | D:1      | Prayed at the altar of an unknown god.
  1194 | D:1      | Became a worshipper of Warmaster Okawaru
  1194 | D:1      | Reached * piety under Okawaru
  1261 | D:2      | Reached skill level 1 in Short Blades
  1261 | D:2      | Reached skill level 1 in Long Blades
  1261 | D:2      | Reached skill level 1 in Axes
  1261 | D:2      | Reached skill level 1 in Maces & Flails
  1261 | D:2      | Reached skill level 1 in Polearms
  1261 | D:2      | Reached skill level 1 in Staves
  1261 | D:2      | Reached skill level 1 in Throwing
  1261 | D:2      | Reached skill level 1 in Armour
  1261 | D:2      | Reached skill level 1 in Shields
  1261 | D:2      | Reached skill level 1 in Unarmed Combat
  1346 | D:2      | Noticed Jessica
  1350 | D:2      | Killed Jessica
  1351 | D:2      | Reached XP level 4. HP: 34/34 MP: 11/11
  1354 | D:2      | Reached skill level 1 in Conjurations
  1354 | D:2      | Reached skill level 1 in Summonings
  1354 | D:2      | Reached skill level 1 in Necromancy
  1354 | D:2      | Reached skill level 1 in Translocations
  1354 | D:2      | Reached skill level 1 in Transmutations
  1354 | D:2      | Reached skill level 1 in Fire Magic
  1354 | D:2      | Reached skill level 1 in Ice Magic
  1354 | D:2      | Reached skill level 1 in Air Magic
  1354 | D:2      | Reached skill level 1 in Earth Magic
  1354 | D:2      | Reached skill level 1 in Poison Magic
  1504 | D:2      | Found a runed translucent door.
  1505 | D:2      | Noticed Crazy Yiuf
  2014 | D:2      | Reached XP level 5. HP: 20/40 MP: 12/12
  3037 | D:4      | Noticed Pikel
  3037 | D:4      | Noticed a lemure
  3037 | D:4      | Noticed a lemure
  3142 | D:2      | HP: 1/41 [lemure[Pikel] (7)]
  3145 | D:2      | Slain by a lemure

Illustrated notes

Levels and vault maps discovered:
D:1:      lemuel_arrival_lava_pool, layout_basic,
          hellmonk_ecumenical_altar_blasted, minmay_octomino_j4
D:2:      layout_basic, minmay_statues_item, nicolae_underground_beach,
          uniq_jessica, uniq_crazy_yiuf_cottage
D:3:      layout_basic
D:4:      wander_river, layout_loops_cross, old_standard_altar,
          minmay_temple_entry_junction, serial_shops, nicolae_diamond_shop,
          nicolae_shop_rolling_square, gammafunk_ghost_icy,
          grunt_decor_one_mirror, grunt_decor_arrowhead, uniq_pikel

Skill      XL: |  1  2  3  4  5 |
---------------+----------------+-----
Hexes          | 2 |  2.4
Spellcasting   | 5 |  5.2
Invocations    | 1 |  1.8
Short Blades   | 1 |  1.6
Long Blades    | 1 |  1.6
Axes           | 1 |  1.6
Maces & Flails | 1 |  1.6
Polearms       | 1 |  1.6
Staves         | 1 |  1.6
Throwing       | 1 |  1.6
Armour         | 1 |  1.6
Shields        | 1 |  1.6
Unarmed Combat | 1 |  1.6
Conjurations   | 1 |  1.3
Summonings     | 1 |  1.3
Necromancy     | 1 |  1.3
Translocations | 1 |  1.3
Transmutations | 1 |  1.3
Fire Magic     | 1 |  1.3
Ice Magic      | 1 |  1.3
Air Magic      | 1 |  1.3
Earth Magic    | 1 |  1.3
Poison Magic   | 1 |  1.3
Fighting       | 3 |  3.0
Dodging        | 3 |  3.0
Ranged Weapons | |  4.8
Stealth        | |  2.8
Evocations     | |  4.8

Action                     |  1- 3 |  4- 6 || total
---------------------------+-------+-------++-------
   Fire: Sling             |   104 |   184 ||   288
 Armour: Robe              |     5 |       ||     5
         Chain mail        |    17 |   153 ||   170
  Dodge: Dodged            |    26 |    59 ||    85
